 Dungeon Crawl Stone Soup version 0.32-a0-560-g4c7f4391e0 (webtiles) character file.

Game seed: 2901993563922509780

3595 grandjackal the Black Crusader (level 9, -13/78 HPs)
             Began as a Demonspawn Gladiator on Feb 29, 2024.
             Was a Believer of Yredelemnul.
             Mangled by a shadow (30 damage)
             ... on level 7 of the Dungeon.
             The game lasted 00:07:58 (6472 turns).

grandjackal the Black Crusader (DsGl)               Turns: 6472, Time: 00:07:59

Health: -13/78     AC: 12    Str: 15    XL:     9   Next: 85%
Magic:  16/16      EV: 11    Int:  9    God:    Yredelemnul [**....]
Gold:   358        SH: 10    Dex: 18    Spells: 8/8 levels left

rFire   + . .        a - +0 long sword
rCold   . . .        v - +0 buckler
rNeg    . . .        y - +3 ring mail {rF+}
rPois   .            (helmet restricted)
rElec   .            i - +0 cloak
rCorr   .            A - +0 pair of gloves
SInv    .            (no boots)
Will    .....        B - amulet of reflection
Stlth   +            (no ring)
HPRegen 0.33/turn    (no ring)
MPRegen 0.15/turn

%: reflection
@: about to teleport, wreathed by umbra
A: antennae 1, foul stench 2, sharp scales 2
a: Renounce Religion, Light the Black Torch, Recall Undead Harvest, Hurl
Torchlight


You were on level 7 of the Dungeon.
You worshipped Yredelemnul.
Yredelemnul was aware of your devotion.
You visited 1 branch of the dungeon, and saw 7 of its levels.

You collected 358 gold pieces.

Inventory:

Hand Weapons
 a - a +0 long sword (weapon)
 C - a +2 dagger of electrocution
Missiles
 d - 2 throwing nets (quivered)
 e - a javelin
Armour
 i - a +0 cloak (worn)
 v - a +0 buckler (worn)
 y - a +3 ring mail of fire resistance (worn)
 A - a +0 pair of gloves (worn)
Jewellery
 l - an amulet of faith
 B - an amulet of reflection (around neck)
Wands
 m - a wand of flame (26)
 u - a wand of mindburst (20)
Scrolls
 b - a scroll of noise {unknown}
 c - 4 scrolls of identify
 f - a scroll of brand weapon {unknown}
 g - 6 scrolls of teleportation
 h - a scroll of fog {unknown}
 j - a scroll of vulnerability {unknown}
 n - a scroll of enchant weapon {unknown}
 o - 3 scrolls of amnesia {unknown}
 p - a scroll of blinking {unknown}
 s - a scroll of revelation {unknown}
 w - a scroll of poison {unknown}
 x - a scroll of enchant armour {unknown}
Potions
 k - a potion of magic
 q - 3 potions of degeneration {unknown}
 r - a potion of berserk rage {unknown}
 t - a potion of brilliance {unknown}
 z - a potion of cancellation {unknown}


   Skills:
 + Level 10.0 Fighting
 - Level 4.3 Long Blades
 - Level 2.0 Throwing
 - Level 3.0 Dodging
 - Level 4.1 Shields
 + Level 10.4 Invocations


You had 8 spell levels left.
You didn't know any spells.
Your spell library contained the following spells:

 Spells                   Type           Power      Damage    Failure   Level
 Magic Dart               Conj           0%         1d3       71%         1
 Blink                    Tloc           0%         N/A       85%         2
 Call Imp                 Summ           0%         N/A       85%         2
 Call Canine Familiar     Summ           0%         N/A       97%         3
 Sigil of Binding         Hex            0%         N/A       97%         3
 Dimensional Bullseye     Hex/Tloc       0%         N/A       100%        4


Dungeon Overview and Level Annotations

Branches:
Dungeon (7/15)
 Temple: D:4-7

Altars:
Yredelemnul


Innate Abilities, Weirdness & Mutations

You have a pair of small antennae on your head.
You sometimes emit foul miasma when damaged in melee.
You are mostly covered in razor-sharp scales. (AC +2, Slay +2)


Message History

Unknown command.
You are too injured to fight recklessly!
You are too injured to fight recklessly!
Unknown command.
You are too injured to fight recklessly!
Unknown command.
You slash the slime creature!
The slime creature is lightly wounded.
The wyvern is engulfed in dark miasma.
The wyvern is poisoned.
The wyvern seems to slow down.
The wyvern closely misses you. The orc warrior closely misses you.
The howler monkey hoots and howls with incredible vigour!
The slime creature hits you but does no damage.
Your yak zombie barely misses the orc warrior.
You hear a shout!
You hear an angry growl.
You hear a shout! x2
As you read the scroll labelled ZOKULIO CARR, it crumbles to dust.
It is a scroll of identify.
k - a potion of magic The wyvern is no longer moving slowly.
You block the howler monkey's attack.
The wyvern is engulfed in dark miasma.
The wyvern looks even sicker.
The wyvern bites you but does no damage.
The slime creature hits you!
* * * LOW HITPOINT WARNING * * *
You block the orc warrior's attack.
Your yak zombie barely misses the orc warrior.
As you read the scroll labelled HUFIET ZOUT, it crumbles to dust.
You feel strangely unstable.
It was a scroll of teleportation.
You kill the wyvern!
Their soul becomes fuel for the torch.
You block the howler monkey's attack. You block the orc warrior's attack.
The slime creature hits you.
* * * LOW HITPOINT WARNING * * *
A centaur comes into view. It is wielding a +3 spear of freezing.
Your Fighting skill increases to level 10!
You slash the howler monkey!
The howler monkey is severely wounded.
The howler monkey closely misses you.
The shadow strikes at you from the darkness!
You die...
Your body rises from the dead as a mindless zombie.

############# ## ##
....Z.Z))...#####... ...
###.###.Z.........###.#
####.Z##..Z...#..##...
#ZZZZ..##..Z....##..#
.###########.####g.#
#).Z.ZZ.##.Z## #h{# W
########.#..Z###@##S...
......Z.#.#...#JZZoc....
############..B#.##S....
)Z.Z...## ##.H#ZZ# ....
#######)# ##c####..# .##
...Z.Z.###... #..# #
#..######.##. #...
###.####. .. ##.#
#..Z..#.# .. #.


You could see a boulder beetle, a slime creature, a manticore, an orc warrior
(ally target), a water moccasin, 2 centaurs, a howler monkey, a gnoll, a
friendly yak zombie, a friendly jelly zombie, a friendly scorpion zombie and a
friendly kobold zombie.

Vanquished Creatures
  A two-headed ogre (D:6)
  A wyvern (D:7)
  Eustachio (D:4)
  A yak (D:7)
  Duvessa (D:6)
  An orc warrior (D:7)
  5 ice beasts
  A sky beast (D:7)
  An ogre (D:5)
  A kobold brigand (D:7)
  A bullfrog (D:7)
  A gnoll sergeant (D:7)
  A scorpion (D:7)
  Dowan (D:6)
  A killer bee (D:7)
  A howler monkey (D:6)
  An orc priest (D:7)
  A bombardier beetle (D:7)
  5 jellies
  Crazy Yiuf (D:3)
  Terence (D:3)
  An iguana (D:4)
  7 orc wizards
  5 adders
  4 ufetubi
  4 dart slugs
  A ribbon worm (D:3)
  15 orcs
  10 ball pythons
  9 endoplasms
  A giant cockroach (D:3)
  4 goblins
  9 hobgoblins
  4 jackals (D:1)
  11 kobolds
  3 quokkas
  3 bats (D:1)
  4 frilled lizards
  4 rats
128 creatures vanquished.

Vanquished Creatures (collateral kills)
  Joseph (D:7)
  Grinder (D:6)
  An ice beast (D:7)
  An ogre (D:7)
  A jelly (D:7)
  A white imp (D:7)
  An orc (D:7)
7 creatures vanquished.

Vanquished Creatures (others)
  A bullfrog zombie (D:7)
  A human zombie (D:7)
  A howler monkey zombie (D:6)
  A gnoll zombie (D:7)
  A jelly zombie (D:7)
  An elf zombie (D:6)
  A bombardier beetle zombie (D:7)
  A kobold zombie (D:7)
  7 orc zombies
  2 spectral ufetubi (D:6)
17 creatures vanquished.

Grand Total: 152 creatures vanquished

Notes
Turn   | Place    | Note
-------+----------+-------------------------------------------
     0 | D:1      | grandjackal the Demonspawn Gladiator began the quest for
                  | the Orb.
     0 | D:1      | Reached XP level 1. HP: 16/16 MP: 1/1
    88 | D:1      | Gained mutation: You have a pair of small antennae on your
                  | head. [demonic ancestry]
    88 | D:1      | Reached XP level 2. HP: 2/22 MP: 2/2
   482 | D:1      | Reached XP level 3. HP: 26/28 MP: 3/3
  1855 | D:3      | Noticed Terence
  1862 | D:3      | Killed Terence
  1863 | D:3      | Gained mutation: You may rarely emit foul miasma when
                  | damaged in melee. [demonic ancestry]
  1863 | D:3      | Reached XP level 4. HP: 33/35 MP: 4/4
  1995 | D:3      | Found a runed translucent door.
  1996 | D:3      | Noticed Crazy Yiuf
  2544 | D:3      | Killed Crazy Yiuf
  2545 | D:3      | Reached skill level 1 in Shields
  2545 | D:3      | Gained mutation: You are partially covered in razor-sharp
                  | scales. (AC +1, Slay +1) [demonic ancestry]
  2545 | D:3      | Reached XP level 5. HP: 3/41 MP: 5/5
  2690 | D:3      | Identified the +5 hammer of the Noxious God {protect, rC++
                  | rN++ Will-}
  2751 | D:4      | Noticed Eustachio
  2764 | D:4      | Noticed an ice beast
  2856 | D:3      | Killed an ice beast
  2857 | D:3      | Gained mutation: You sometimes emit foul miasma when
                  | damaged in melee. [demonic ancestry]
  2857 | D:3      | Reached XP level 6. HP: 10/48 MP: 6/6
  3013 | D:4      | HP: 2/48 [river rat[Eustachio] (7)]
  3015 | D:4      | Killed Eustachio
  3274 | D:4      | Reached skill level 5 in Fighting
  3340 | D:3      | Reached XP level 7. HP: 15/56 MP: 7/7
  3766 | D:4      | Found a basalt altar of Yredelemnul.
  3860 | D:5      | Entered Level 5 of the Dungeon
  3889 | D:4      | Became a worshipper of Yredelemnul the Fallen
  4729 | D:6      | Reached skill level 1 in Invocations
  4730 | D:6      | Noticed Dowan
  4730 | D:6      | Noticed Duvessa
  4762 | D:6      | Killed Dowan
  4772 | D:6      | Killed Duvessa
  4773 | D:6      | Gained mutation: You are mostly covered in razor-sharp
                  | scales. (AC +2, Slay +2) [demonic ancestry]
  4773 | D:6      | Reached XP level 8. HP: 35/65 MP: 8/10
  5055 | D:6      | Reached * piety under Yredelemnul
  5193 | D:6      | Noticed Grinder
  5208 | D:6      | Your ally Dowan died
  5208 | D:6      | Killed Grinder
  5268 | D:6      | Noticed a two-headed ogre
  5287 | D:6      | Killed a two-headed ogre
  5936 | D:7      | Reached XP level 9. HP: 68/75 MP: 14/14
  5937 | D:7      | Noticed Joseph
  5949 | D:7      | Killed Joseph
  6138 | D:7      | Reached ** piety under Yredelemnul
  6284 | D:7      | Your ally Joseph died
  6369 | D:7      | Reached skill level 10 in Invocations
  6464 | D:7      | Noticed a boulder beetle
  6465 | D:7      | Noticed a manticore
  6472 | D:7      | Reached skill level 10 in Fighting
  6472 | D:7      | Mangled by a shadow

Illustrated notes

Levels and vault maps discovered:
D:1:      roadster_arrival_rocket_small, layout_rooms
D:2:      layout_basic, minivault_11
D:3:      layout_basic, uniq_terence, uniq_crazy_yiuf_cottage
D:4:      layout_cave_pools, zin_treasury, mainiacjoe_overflow_cross_hatched,
          uniq_eustachio
D:5:      layout_basic, saegor_snake_ambush
D:6:      layout_loops_ring, uniq_grinder, uniq_duvessa
D:7:      minmay_the_grid_octo_tiled_octocenter
          [minmay_the_grid_octo_tetromino_candy, minmay_the_grid_octo_horde,
          minmay_the_grid_octo_toaster, minmay_the_grid_octo_checkered,
          minmay_the_grid_octo_prize_big_c,
          minmay_the_grid_square_5x5_checkered,
          minmay_the_grid_square_5x5_slash, minmay_the_grid_square_5x5_six,
          minmay_the_grid_square_5x5_inner_v], layout_rooms,
          mainiacjoe_overflow_surrounded_room, ebering_ghost_reflecting_pool,
          lemuel_flamethrower_1, uniq_joseph, uniq_pikel

Skill      XL: |  1  2  3  4  5  6  7  8  9 |
---------------+----------------------------+-----
Throwing       | 2 |  2.0
Dodging        | 3 |  3.0
Long Blades    | 3 4 |  4.3
Fighting       | 3 4 5 6 8 10 | 10.0
Shields        | 1 2 3 4 |  4.1
Invocations    | 3 7 10 | 10.4

Action                     |  1- 3 |  4- 6 |  7- 9 || total
---------------------------+-------+-------+-------++-------
  Melee: Long sword        |   138 |   107 |   231 ||   476
  Throw: Throwing net      |       |     1 |     1 ||     2
 Invoke: Light the Black T |       |       |     3 ||     3
  Evoke: Wand              |       |     3 |       ||     3
    Use: Potion            |       |     1 |       ||     1
         Scroll            |       |       |     2 ||     2
   Stab: Distracted        |       |       |     1 ||     1
 Armour: Leather armour    |   119 |     1 |       ||   120
         Ring mail         |       |   109 |   145 ||   254
  Dodge: Dodged            |   104 |    86 |   170 ||   360
  Block: Buckler           |       |    15 |    89 ||   104

Table legend: (Time is in decaauts)
 A = Elapsed time spent in this place.
 B = Non-inter-level travel time spent in this place.
 C = Inter-level travel time spent in this place.
 D = Time resting spent in this place.
 E = Time spent auto-exploring this place.
 F = Levels seen in this place.
 G = Mean time per level.
                   A        B        C        D        E       F      G
               +--------+--------+--------+--------+--------+-----+--------+
         Total |   6604 |   6409 |    195 |   1081 |   4011 |   7 |  943.4 |
       Dungeon |   6604 |   6409 |    195 |   1081 |   4011 |   7 |  943.4 |
               +--------+--------+--------+--------+--------+-----+--------+

Top non-repeatable levels by time:
     D:3: 1618 daAuts
     D:6: 1185 daAuts
     D:2: 914 daAuts
     D:5: 823 daAuts
     D:1: 781 daAuts
     D:4: 659 daAuts
     D:7: 621 daAuts
